 Dungeon Crawl Stone Soup version 0.30-a0-756-gc2185399d4 (webtiles) character file.

Game seed: 12891333858023912924

1873 sanka the Nimble (level 9, -8/73 HPs)
             Began as a Merfolk Monk on Feb 9, 2023.
             Mangled by a gnoll sergeant
             ... wielding a +2 vampiric trident
              (11 damage)
             ... on level 6 of the Dungeon.
             The game lasted 00:11:10 (7164 turns).

sanka the Nimble (Merfolk Monk)                     Turns: 7164, Time: 00:11:10

Health: -8/73      AC:  9    Str: 12    XL:     9   Next: 14%
Magic:  9/9        EV: 14    Int:  9    God:
Gold:   319        SH:  5    Dex: 20    Spells: 8/8 levels left

rFire   . . .      SeeInvis .    a - +0 long sword
rCold   . . .      Faith    .    (no shield)
rNeg    . . .      Spirit   .    x - +3 scale mail
rPois   .          Reflect  +    (helmet restricted)
rElec   .          Harm     .    (no cloak)
rCorr   .          Rampage  .    (no gloves)
Will    .....                    (no boots)
Stlth   +                        d - amulet of reflection
HPRegen 0.32/turn                (no ring)
MPRegen 0.11/turn                (no ring)

@: no status effects
A: (nimble swimmer 2), mertail, horns 1
a: no special abilities


You were on level 6 of the Dungeon.
You visited 1 branch of the dungeon, and saw 6 of its levels.

You collected 319 gold pieces.


Innate Abilities, Weirdness & Mutations

((You are very nimble when in or above water. (Stealth+, EV+, Speed+++)))
Your lower body shifts to a powerful aquatic tail in water.
You have a pair of small horns on your head.


   Skills:
 + Level 7.7 Fighting
 - Level 9.0 Long Blades
 + Level 9.9 Dodging
 - Level 2.1 Stealth


You had 8 spell levels left.
You didn't know any spells.
Your spell library contained the following spells:

 Spells                   Type           Power      Damage    Failure   Level
 Sandblast                Erth           0%         2d4       92%         1
 Cigotuvi's Dreadful Rot  Necr/Pois/Air  0%         N/A       98%         2
 Passwall                 Tmut/Erth      0%         N/A       98%         2
 Sublimation of Blood     Necr           0%         N/A       98%         2
 Wereblood                Tmut           0%         N/A       98%         2
 Stone Arrow              Conj/Erth      0%         3d7       100%        3
 Dispel Undead            Necr           0%         3d6       100%        4
 Death Channel            Necr           0%         N/A       100%        6
 Summon Hydra             Summ           0%         N/A       100%        7

Inventory:

Hand Weapons
 a - a +0 long sword (weapon)
 b - a +3 dagger of venom
Armour
 i - a +0 helmet
 p - a +0 robe
 x - a +3 scale mail (worn)
Jewellery
 d - an amulet of reflection (around neck)
Wands
 n - a wand of flame (13)
 u - a wand of digging (2)
Scrolls
 e - 4 scrolls of magic mapping {unknown}
 h - 2 scrolls of blinking {unknown}
 k - a scroll of acquirement {unknown}
 l - 6 scrolls of identify {unknown}
 m - a scroll of immolation {unknown}
 o - a scroll of enchant armour {unknown}
 q - a scroll of enchant weapon {unknown}
 t - a scroll of vulnerability {unknown}
 v - a scroll of poison {unknown}
 w - a scroll of brand weapon {unknown}
 y - a scroll of silence {unknown}
 z - a scroll of fog {unknown}
Potions
 c - 2 potions of ambrosia
 f - a potion of brilliance
 g - 2 potions of curing {@q1}
 j - a potion of mutation {!q}
 r - 2 potions of heal wounds {@q2}
 s - a potion of attraction {!q}

Dungeon Overview and Level Annotations

Branches:
Dungeon (6/15)
 Temple: D:4-7

Altars:
Elyvilon
Hepliaklqana
Kikubaaqudgha
Nemelex Xobeh
Wu Jian

▒[▒ ▒.▒ ▒.▒ ▒.▒
▒.▒ ▒.▒ ▒.▒ ▒.▒
▒.▒ ▒.▒
▒▒▒▒▒.▒▒▒▒.▒▒▒
▒............▒
▒.▒▒▒.▒▒▒▒▒▒▒▒ ▒.▒
▒m▒ ▒▒▒..▒▒▒▒▒▒.▒
▒.▒ [.........▒▒.▒
▒g▒ ....).....▒▒.▒
▒g▒
...g......▒▒.▒▒▒g▒
..........▒▒.▒.gg▒
..........▒▒...▒▒▒
...g......▒...▒▒
....g....g>.g▒▒


You could see a gnoll sergeant and 4 gnolls.


Message History

The gnoll sergeant hits you with a +2 vampiric trident.
The gnoll sergeant draws strength from your wounds!
The gnoll closely misses you. The gnoll sergeant blocks your attack.
You block the gnoll sergeant's attack. The gnoll closely misses you.
You hit the gnoll sergeant but do no damage.
You headbutt the gnoll sergeant, but do no damage.
The gnoll sergeant closely misses you.
The gnoll hits you from afar with a +0 halberd!
* * * LOW HITPOINT WARNING * * *
You hit the gnoll sergeant but do no damage.
The gnoll sergeant blocks your attack.
The gnoll hits you from afar with a +0 halberd!
* * * LOW HITPOINT WARNING * * *
The gnoll sergeant hits you with a +2 vampiric trident.
* * * LOW HITPOINT WARNING * * *
The gnoll sergeant blocks your attack.
The gnoll sergeant hits you with a +2 vampiric trident!
* * * LOW HITPOINT WARNING * * *
The gnoll closely misses you. The gnoll sergeant blocks your attack.
You headbutt the gnoll sergeant.
The gnoll sergeant is lightly wounded.
The gnoll sergeant hits you with a +2 vampiric trident!
* * * LOW HITPOINT WARNING * * *
The gnoll sergeant draws strength from your wounds!
The gnoll closely misses you.
The gnoll sergeant hits you from afar with a +2 vampiric trident!
You die...

Action                     |  1- 3 |  4- 6 |  7- 9 || total
---------------------------+-------+-------+-------++-------
  Melee: Falchion          |   112 |    16 |       ||   128
         Punch             |     2 |       |     4 ||     6
         Dagger            |       |    51 |    53 ||   104
         Long sword        |       |    70 |   235 ||   305
         Headbutt          |       |       |     7 ||     7
  Evoke: Wand              |       |     8 |     1 ||     9
    Use: Potion            |       |     1 |     7 ||     8
   Stab: Sleeping          |     6 |    13 |     2 ||    21
         Distracted        |     1 |       |       ||     1
 Armour: Robe              |    16 |    20 |     2 ||    38
         Scale mail        |       |       |    88 ||    88
  Dodge: Dodged            |    74 |    66 |   149 ||   289
  Block: Other             |    26 |    27 |    70 ||   123
         Reflection        |       |     2 |     3 ||     5

Levels and vault maps discovered:
D:1:      mrwooster_arrival_statue, layout_basic,
          hellmonk_ecumenical_altar_zigzags
D:2:      layout_basic
D:3:      minmay_thinvault, layout_basic
D:4:      kennysheep_six_static_rooms, layout_gridville, uniq_menkaure,
          uniq_ijyb, uniq_eustachio, uniq_grinder
D:5:      layout_basic
D:6:      layout_basic, minitemple

Notes
Turn   | Place    | Note
-------+----------+-------------------------------------------
     0 | D:1      | sanka the Merfolk Monk began the quest for the Orb.
     0 | D:1      | Reached XP level 1. HP: 18/18 MP: 1/1
    69 | D:1      | Reached XP level 2. HP: 16/24 MP: 2/2
   124 | D:1      | Reached skill level 4 in Long Blades
   235 | D:1      | Found a faded altar of an unknown god.
   431 | D:1      | Reached XP level 3. HP: 30/30 MP: 3/3
   532 | D:1      | Reached skill level 4 in Fighting
  1017 | D:2      | Reached skill level 5 in Long Blades
  1057 | D:2      | Reached XP level 4. HP: 37/37 MP: 4/4
  2484 | D:3      | Reached skill level 5 in Dodging
  2614 | D:3      | Reached XP level 5. HP: 40/42 MP: 5/5
  3215 | D:4      | Noticed Ijyb
  3230 | D:4      | Killed Ijyb
  3316 | D:4      | Noticed a black bear
  3406 | D:4      | Noticed Grinder
  3406 | D:4      | Noticed an orc warrior
  3669 | D:4      | Reached skill level 6 in Long Blades
  3755 | D:4      | Noticed Eustachio
  3891 | D:4      | Noticed Menkaure
  4008 | D:4      | Paralysed by Grinder for 5 turns
  4013 | D:4      | Killed Menkaure
  4014 | D:4      | Reached skill level 7 in Long Blades
  4014 | D:4      | Reached skill level 6 in Dodging
  4014 | D:4      | Reached XP level 6. HP: 30/48 MP: 6/6
  4025 | D:4      | Killed Grinder
  4026 | D:4      | Reached skill level 8 in Long Blades
  4026 | D:4      | Reached XP level 7. HP: 18/54 MP: 7/7
  4635 | D:4      | Gained mutation: Your body sometimes deteriorates upon
                  | taking damage. [potion of mutation]
  4635 | D:4      | Gained mutation: Your flesh is cold resistant. (rC+)
                  | [potion of mutation]
  4635 | D:4      | Gained mutation: You have supernaturally acute eyesight.
                  | (SInv) [potion of mutation]
  4762 | D:4      | Reached skill level 9 in Long Blades
  5159 | D:4      | Killed Eustachio
  5160 | D:4      | Reached skill level 5 in Fighting
  5160 | D:4      | Reached skill level 7 in Dodging
  5160 | D:4      | Reached XP level 8. HP: 45/62 MP: 8/8
  5323 | D:5      | Entered Level 5 of the Dungeon
  5546 | D:5      | Reached skill level 6 in Fighting
  5546 | D:5      | Reached skill level 8 in Dodging
  6399 | D:6      | Reached skill level 9 in Dodging
  6506 | D:6      | Found a white marble altar of Elyvilon.
  6513 | D:6      | Found an ornate altar of the Wu Jian Council.
  6515 | D:6      | Found a hazy altar of Hepliaklqana.
  6519 | D:6      | Found an ancient bone altar of Kikubaaqudgha.
  6520 | D:6      | Found a sparkling altar of Nemelex Xobeh.
  6608 | D:6      | Lost mutation: Your flesh is cold resistant. (rC+) [potion
                  | of mutation]
  6608 | D:6      | Lost mutation: Your body sometimes deteriorates upon taking
                  | damage. [potion of mutation]
  6608 | D:6      | Lost mutation: You have supernaturally acute eyesight.
                  | (SInv) [potion of mutation]
  6608 | D:6      | Gained mutation: You have a pair of small horns on your
                  | head. [potion of mutation]
  6705 | D:6      | Reached skill level 7 in Fighting
  6759 | D:6      | Reached XP level 9. HP: 72/72 MP: 9/9
  7163 | D:6      | HP: 2/73 [gnoll sergeant/+2 vampiric trident (9)]
  7164 | D:6      | Mangled by a gnoll sergeant

Vanquished Creatures
  Grinder (D:4)
  Eustachio (D:4)
  Menkaure (D:4)
  A water moccasin (D:6)
  A black bear (D:4)
  An ice beast (D:6)
  An orc warrior (D:4)
  An ogre (D:5)
  2 centaurs (D:6)
  A phantom (D:4)
  A necrophage (D:5)
  2 scorpions
  A hound (D:5)
  Ijyb (D:4)
  3 iguanas
  4 orc wizards
  4 gnolls (D:5)
  12 adders
  A shadow imp (D:4)
  A white imp (D:4)
  2 ufetubi
  A worm (D:4)
  A dart slug (D:1)
  12 orcs
  6 bats
  15 endoplasms
  A giant cockroach (D:4)
  4 goblins
  6 hobgoblins
  9 jackals
  8 kobolds
  4 quokkas
  12 ball pythons
  2 frilled lizards
  7 rats
131 creatures vanquished.
